 Dungeon Sprint DCSS version 0.30-a0-469-g84de5afbc5 (webtiles) character file.

Game seed: 7002609628820173961

2400000 NinjaNoafa the Acrobat (level 17, -16/149 HPs)
             Began as a Djinni Gladiator on Dec 19, 2022.
             Was a High Priest of Makhleb.
             Demolished by a meat berserker
             ... wielding a +9 battleaxe
              (64 damage)
             ... in the Dungeon (Sprint VIII: "Arena of Blood").
             The game lasted 00:00:44 (24 turns).

NinjaNoafa the Acrobat (Djinni Gladiator)             Turns: 24, Time: 00:00:44

Health: -16/149    AC:  7    Str: 13    XL:     17   Next: 42%
Gold:   0          EV: 30    Int: 12    God:    Makhleb [*****.] SH:  0 Dex: 21

rFire   + + .      SeeInvis .    k - +∞ Axe of Woe
rCold   x . .      Faith    .    (shield currently unavailable)
rNeg    . . .      Spirit   .    b - +0 leather armour
rPois   ∞          Reflect  .    c - +0 helmet
rElec   .          Harm     .    (no cloak)
rCorr   .          Rampage  .    (no gloves)
Will    +....      NoTele   +    (boots unavailable)
Stlth   ++........               (no amulet)
HPRegen 0.44/turn                (no ring)
MPRegen 0.00/turn                (no ring)

@: flying
A: sickness immunity, fire resistance 2, cold vulnerability 1, float, innate
caster, HP casting, extra vitality 1
a: Renounce Religion, Minor Destruction, Lesser Servant of Makhleb, Major
Destruction, Greater Servant of Makhleb


You were in the Dungeon.
You worshipped Makhleb.
Makhleb was extremely pleased with you.
You visited 1 branch

Inventory:

Hand Weapons
 k - the +∞ Axe of Woe (weapon)
   (You found it in the Dungeon)
Missiles
 d - 3 throwing nets (quivered)
 e - a javelin
Armour
 b - a +0 leather armour (worn)
 c - a +0 helmet (worn)
Scrolls
 j - a scroll of blinking
Potions
 f - a potion of curing
 g - a potion of heal wounds
 h - a potion of haste
 i - a potion of berserk rage


   Skills:
 + Level 22.5 Fighting
 + Level 19.4 Axes
 - Level 11.3 Throwing
 + Level 18.9 Armour
 + Level 24.3 Dodging
 + Level 14.8 Spellcasting
 + Level 18.9 Invocations


You had 14 spell levels left.
You knew the following spells:

 Your Spells              Type           Power      Damage    Failure   Level
a - Summon Small Mammal   Summ           100%       N/A       1%          1
b - Scorch                Fire           88%        2d9       1%          2
c - Tukima's Dance        Hex            44%        N/A       1%          3
d - Lesser Beckoning      Tloc           88%        N/A       1%          3
e - Sticky Flame          Conj/Fire      44%        2d6       1%          4
f - Borgnjor's Vile Clut  Necr/Erth      22%        N/A       1%          5
g - Starburst             Conj/Fire      22%        6d7       2%          6
h - Monstrous Menagerie   Summ           22%        N/A       16%         7
Your spell library was empty.

Dungeon Overview and Level Annotations

Branches:
Dungeon (1/1)

Altars:
Makhleb


Innate Abilities, Weirdness & Mutations

You are immune to sickness and miasma.
You are immune to poison.
Your flesh is very heat resistant. (rF++)
You are vulnerable to cold. (rC-)
You float through the air rather than walking.
You learn spells naturally, not from books.
Your magical power is your life essence.
You have superior vitality. (+4 MHP)


Message History

The bag of meat is engulfed in blazing flames.
You hear a shout!
The destroyer gestures at you while chanting.
The destroyer blinks!
Casting: Borgnjor's Vile Clutch (mildly dangerous; 1% risk of failure)
Confirm with . or Enter, or press ? or * to list all spells.
Okay, then.
The zombie hands constrict the meat berserker!
You hear a shout! x4
The meat berserker struggles to escape constriction.
You hear a shout!
The meat berserker is engulfed in blazing flames.
The meat berserker rages.
You hear a shout! x2
The destroyer is engulfed in blazing flames.
The destroyer points at you and mumbles some strange words.
The destroyer blinks!
Casting: Borgnjor's Vile Clutch (mildly dangerous; 1% risk of failure)
Confirm with . or Enter, or press ? or * to list all spells.
Aiming: Borgnjor's Vile Clutch (mildly dangerous; 1% risk of failure)
Press: ? - help, Shift-Dir - straight line, f - destroyer, p - meat berserker
Aim: a destroyer, wielding a +9 vorpal great sword and wearing a +200 ring of slaying (lightly damaged, 100% to hit)
Zombie hands grab the destroyer.
The zombie hands constrict the meat berserker!
The zombie hands constrict the destroyer.
You hear a shout! x3
The meat berserker escapes!
You hear a shout! x2
The meat berserker closely misses you.
The meat berserker is engulfed in blazing flames.
The meat berserker rages.
You hear a shout! x3
The destroyer struggles to escape constriction.
The meat berserker attacks as you move away!
The meat berserker hits you with a +9 battleaxe!!!!
Ouch! That really hurt!
The zombie hands constrict the destroyer.
You hear a shout! x5
The meat berserker hits you with a +9 battleaxe!!!
You die...

.. ... #.. ..# #..
..# . ...###...
..###..
........###.......
#.O......_........
......#...).#....
......#V.<._# .
......#.@O..#....
#.....O.._........
.......O###.......
...###§o☼....###..
. #§)☼....# .
#§§§....#
.......O..
...........
............


You could see a destroyer (clutched), 3 meat berserkers and a bag of meat.

Vanquished Creatures
  An ogre (D)
  A two-headed ogre (D)
  14 orcs (D)
16 creatures vanquished.

Notes
Turn   | Place    | Note
-------+----------+-------------------------------------------
     0 | D        | Found the +∞ Axe of Woe
     0 | D        | NinjaNoafa the Djinni Gladiator began the quest for the
                  | Orb.
     0 | D        | Reached XP level 1. HP: 18/18 MP: 0/0
     4 | D        | Became a worshipper of Makhleb the Destroyer
     5 | D        | Noticed a bag of meat
     5 | D        | Noticed a bag of meat
     6 | D        | Noticed a bag of meat
     7 | D        | Noticed a bag of meat
     8 | D        | Noticed a meat berserker
     9 | D        | Killed a bag of meat
     9 | D        | Noticed a bag of meat
    10 | D        | Reached skill level 14 in Dodging
    10 | D        | Reached XP level 2. HP: 40/40 MP: 0/0
    10 | D        | Reached XP level 3. HP: 45/45 MP: 0/0
    10 | D        | Learned a level 1 spell: Summon Small Mammal
    10 | D        | Reached XP level 4. HP: 51/51 MP: 0/0
    10 | D        | Reached XP level 5. HP: 57/57 MP: 0/0
    10 | D        | Learned a level 2 spell: Scorch
    10 | D        | Reached XP level 6. HP: 63/63 MP: 0/0
    10 | D        | Reached XP level 7. HP: 68/68 MP: 0/0
    10 | D        | Learned a level 3 spell: Tukima's Dance
    10 | D        | Reached XP level 8. HP: 75/75 MP: 0/0
    10 | D        | Reached XP level 9. HP: 80/80 MP: 0/0
    10 | D        | Learned a level 3 spell: Lesser Beckoning
    10 | D        | Reached XP level 10. HP: 86/86 MP: 0/0
    10 | D        | Reached XP level 11. HP: 92/92 MP: 0/0
    10 | D        | Learned a level 4 spell: Sticky Flame
    12 | D        | Noticed a bag of meat
    12 | D        | Noticed a bag of meat
    12 | D        | Noticed a bag of meat
    12 | D        | Noticed a bag of meat
    13 | D        | Noticed a bag of meat
    13 | D        | Noticed a bag of meat
    13 | D        | Noticed a bag of meat
    13 | D        | Noticed a bag of meat
    14 | D        | Killed a meat berserker
    14 | D        | Reached * piety under Makhleb
    14 | D        | Killed a bag of meat
    14 | D        | Noticed a bag of meat
    15 | D        | Reached skill level 10 in Armour
    15 | D        | Reached skill level 17 in Dodging
    15 | D        | Reached XP level 12. HP: 105/105 MP: 0/0
    15 | D        | Reached XP level 13. HP: 111/111 MP: 0/0
    15 | D        | Learned a level 5 spell: Borgnjor's Vile Clutch
    15 | D        | Killed a bag of meat
    15 | D        | Killed a bag of meat
    15 | D        | Reached ** piety under Makhleb
    15 | D        | Killed a bag of meat
    15 | D        | Killed a bag of meat
    16 | D        | Reached skill level 20 in Dodging
    16 | D        | Reached skill level 10 in Spellcasting
    16 | D        | Reached XP level 14. HP: 121/121 MP: 0/0
    16 | D        | Reached XP level 15. HP: 127/127 MP: 0/0
    16 | D        | Learned a level 6 spell: Starburst
    16 | D        | Reached *** piety under Makhleb
    17 | D        | Reached **** piety under Makhleb
    18 | D        | Reached skill level 22 in Dodging
    18 | D        | Reached XP level 16. HP: 139/139 MP: 0/0
    18 | D        | Noticed a large bag of meat
    18 | D        | Noticed a meat berserker
    19 | D        | Killed a large bag of meat
    19 | D        | Reached ***** piety under Makhleb
    19 | D        | Noticed a meat berserker
    20 | D        | Reached skill level 24 in Dodging
    20 | D        | Reached XP level 17. HP: 131/149 MP: 0/0
    20 | D        | Learned a level 7 spell: Monstrous Menagerie
    20 | D        | Noticed a destroyer
    20 | D        | Noticed a meat berserker
    21 | D        | Noticed a large bag of meat
    24 | D        | Demolished by a meat berserker

Illustrated notes

Levels and vault maps discovered:
D:        meatsprint

Skill      XL: |  1  2  3  4  5  6  7  8  9 10 11 12 13 14 15 16 |
---------------+-------------------------------------------------+-----
Fighting       | 13 16 18 20 22 | 22.5
Axes           | 11 14 16 17 19 | 19.4
Throwing       | 11 | 11.3
Dodging        | 14 17 20 22 24 | 24.3
Armour         | 10 13 16 18 | 18.9
Spellcasting   | 7 10 12 14 | 14.8
Invocations    | 9 13 16 18 | 18.9

Action                   |  1- 3 |  4- 6 |  7- 9 | 10-12 | 13-15 | 16-18 || total
-------------------------+-------+-------+-------+-------+-------+-------++-------
Melee: Executioner's axe |     1 |       |       |     1 |     3 |     2 ||     7
 Cast: Borgnjor's Vile C |       |       |       |       |       |     2 ||     2
Dodge: Dodged            |       |       |       |       |       |     1 ||     1

Table legend: (Time is in decaauts)
 A = Elapsed time spent in this place.
 B = Non-inter-level travel time spent in this place.
 C = Inter-level travel time spent in this place.
 D = Time resting spent in this place.
 E = Time spent auto-exploring this place.
 F = Levels seen in this place.
 G = Mean time per level.
                   A        B        C        D        E       F      G
               +--------+--------+--------+--------+--------+-----+--------+
         Total |     25 |     25 |      0 |      0 |      0 |   1 |   25.0 |
       Dungeon |     25 |     25 |      0 |      0 |      0 |   1 |   25.0 |
               +--------+--------+--------+--------+--------+-----+--------+

Top non-repeatable levels by time:
       D: 25 daAuts
